 Dungeon Crawl Stone Soup version 0.19.5 (webtiles) character file.

4391 miragecloak the Martial Artist (level 10, 0/64 HPs)
             Began as an Octopode Transmuter on May 15, 2017.
             Was an Initiate of Ashenzari.
             Slain by a freezing wraith (22 damage)
             ... on level 9 of the Dungeon.
             The game lasted 00:14:20 (11237 turns).

miragecloak the Martial Artist (OpTm)              Turns: 11237, Time: 00:14:21

Health: 0/64       AC:  1    Str: 13    XL:     10   Next: 35%
Magic:  13/13      EV: 23    Int: 15    God:    Ashenzari [......]
Gold:   661        SH:  0    Dex: 16    Spells: 2 memorised, 9 levels left

rFire  . . .     SeeInvis .       - Unarmed
rCold  . . .     Gourm    +     (no shield)
rNeg   . . .     Faith    .     (helmet restricted)
rPois  .         Spirit   .     i - amulet of the gourmand
rElec  .         Reflect  .     e - +6 ring of evasion (curse)
rCorr  .         Harm     .     h - ring of loudness (curse)
MR     .....                    q - ring of wizardry (curse)
Stlth  +.........               w - +5 ring of strength (curse)
                                (no ring)
                                (no ring)
                                (no ring)
                                (no ring)

@: no status effects
A: almost no armour, stealthy swim, amphibious, 8 rings, constrict 8, camouflage
1, weak 1, gelatinous body 1
a: Curse Item, Renounce Religion


You were on level 9 of the Dungeon.
You worshipped Ashenzari.
Ashenzari was noncommittal.
You were very full.

You visited 2 branches of the dungeon, and saw 10 of its levels.
You also visited: Ossuary.

You collected 661 gold pieces.

Inventory:

Missiles
 a - 200 arrows
Jewellery
 e - a cursed +6 ring of evasion (left tentacle)
 h - a cursed ring of loudness (right tentacle)
 i - an amulet of the gourmand (around mantle)
 q - a cursed ring of wizardry (on tentacle)
 w - a cursed +5 ring of strength (on tentacle)
 D - an uncursed ring of fire
 R - a +3 ring of protection
Wands
 r - a wand of slowing (32/48)
 E - a wand of random effects (21/48)
 G - a wand of acid (9/15)
 H - a wand of disintegration (21/24)
 P - a wand of flame (27/48)
Scrolls
 g - 2 scrolls of recharging
 m - 4 scrolls of enchant weapon {unknown}
 n - 2 scrolls of blinking {unknown}
 p - 7 scrolls of identify {unknown}
 v - a scroll of teleportation {unknown}
 x - a scroll of noise {unknown}
 y - a scroll of vulnerability {unknown}
 B - 3 scrolls of enchant armour {unknown}
 K - 2 scrolls of fog {unknown}
 L - 2 scrolls of summoning {unknown}
 T - a scroll of immolation {unknown}
Potions
 d - a potion of heal wounds {unknown}
 j - 2 potions of resistance {unknown}
 k - 7 potions of curing
 l - a potion of ambrosia {unknown}
 t - 3 potions of flight {unknown}
 u - 3 potions of lignification {unknown}
 z - 3 potions of degeneration {unknown}
 C - 4 potions of haste
 F - a potion of cancellation {unknown}
 I - a potion of mutation {unknown}
 J - a potion of berserk rage {unknown}
 O - a potion of cure mutation {unknown}
 Q - a potion of agility {unknown}
Books
 b - a book of Changes

   Spells                             Type                      Level
   a - Beastly Appendage              Transmutation                1
   b - Sticks to Snakes               Transmutation                2
   c - Spider Form                    Transmutation/Poison         3
   d - Ice Form                       Ice/Transmutation            4
   e - Blade Hands                    Transmutation                5
 N - a book of Conjurations

   Spells                             Type                      Level
   a - Magic Dart                     Conjuration                  1
   b - Searing Ray                    Conjuration                  2
   c - Dazzling Spray                 Conjuration/Hexes            3
   d - Fulminant Prism                Conjuration/Hexes            4
   e - Iskenderun's Mystic Blast      Conjuration                  4
   f - Iskenderun's Battlesphere      Conjuration/Charms           5
Comestibles
 c - 3 bread rations
 f - 28 fruits
 o - 6 meat rations
 s - 2 slices of pizza
 A - 2 beef jerkies
 M - 2 royal jellies


   Skills:
 * Level 4.3 Fighting
 + Level 6.4 Dodging
 - Level 12.0 Unarmed Combat
 - Level 2.0 Spellcasting
 - Level 4.0 Transmutations
 - Level 3.3 Poison Magic


You had 9 spell levels left.
You knew the following spells:

 Your Spells              Type           Power        Failure   Level  Hunger
a - Beastly Appendage     Tmut           ##....       1%          1    #......
b - Spider Form           Tmut/Pois      ##........   7%          3    ###....


Dungeon Overview and Level Annotations

Branches:
Dungeon (9/15)             Temple (1/1) D:5
   Lair: D:8-11         Orc: D:9-12

Altars:
Ashenzari
Dithmenos
Elyvilon
Fedhas
Hepliaklqana
Kikubaaqudgha
Makhleb
Nemelex Xobeh
Okawaru
Qazlal
Ru
Uskayaw
Vehumet
Xom
Zin
The Shining One

Annotations:
D:5 Gandalfino's ghost, novice DsFE


Innate Abilities, Weirdness & Mutations

You cannot wear most types of armour.
You are very stealthy in the water. (Stealth+)
You are amphibious.
You can wear up to eight rings at the same time.
You can use your tentacles to constrict eight enemies at once.
Your skin changes colour to match your surroundings (Stealth+).
Your rubbery body absorbs attacks. (AC +1, EV +1)
You are weak. (Str -2)


Message History

The freezing wraith is moderately damaged.
The freezing wraith completely misses you.
The freezing wraith barely misses you.
You hit the freezing wraith.
The freezing wraith is heavily damaged.
The freezing wraith completely misses you.
The freezing wraith barely misses you.
Your transformation is almost over.
The orc shouts!
Evoke which item? (* to show all) (? for menu, Esc to quit)
You have no means to grasp a wand firmly enough.
Your transformation has ended.
Evoke which item? (* to show all) (? for menu, Esc to quit)
Zapping:
H - a wand of disintegration {recharged} (will waste charges)
Press: ? - help, Shift-Dir - straight line, f - freezing wraith
Aim: a freezing wraith (moderately damaged, chance to defeat MR: 48%)
The freezing wraith resists with some effort.
Evoking this partially-identified wand wasted a few charges.
The freezing wraith hits you! The freezing wraith freezes you!!
You die...

########.#.##...####.....#.##
.............###............####
..##.....#.#.# #).<.............
#.#......#.#o###).............##
._...###.#<##...#.####..........
#.#..# #.#.###..#.# #.>........
#..### #.#.###..#.# ##.......##
##.# #.#.....W#.#####.....#.#
...# #........@........####.#
.....# #######.##.######.# #
##.#.# #.##.# #.# #.#.#
#..(...####.####.# #.#.#
####.............# #.#.##
#####.###...##### #....#####
#................. #.[......#
#.#########....... ##...###.#
##...## ..##.......


You could see a freezing wraith and an orc.

Vanquished Creatures
  Pikel (D:6)
  A two-headed ogre (D:8)
  A hippogriff (D:8)
  Menkaure (D:6)
  A water moccasin (D:9)
  2 sky beasts
  An ice beast (D:5)
  A slave (D:6)
  2 centaurs
  2 ogres (D:8)
  A phantom (D:4)
  3 big kobolds
  5 bullfrogs
  3 scorpions
  4 killer bees (D:8)
  6 wights
  3 crimson imps
  A bullfrog skeleton (D:5)
  A centaur zombie (Ossuary)
  A jelly (D:5)
  4 orc priests
  2 hounds
  A gnoll shaman (D:7)
  2 human zombies (Ossuary)
  7 orc wizards
  3 centaur skeletons
  Natasha (thrice) (D:4)
  An iguana (D:9)
  4 worker ants
  2 big kobold zombies (Ossuary)
  2 mummies (Ossuary)
  7 gnolls
  A howler monkey skeleton (D:5)
  10 adders
  2 oozes (D:3)
  An adder skeleton (D:3)
  6 worms
  A dart slug (D:3)
  3 leopard geckos
  23 orcs
  4 bats
  A giant cockroach (D:3)
  3 gnoll zombies (Ossuary)
  10 goblins
  7 hobgoblins
  5 quokkas
  A ball python (D:3)
  5 frilled lizards
  A goblin skeleton (D:4)
  2 goblin zombies (Ossuary)
  4 hobgoblin zombies
  14 kobolds
  A kobold skeleton (D:4)
  A kobold zombie (D:4)
  A leopard gecko zombie (D:5)
  An orc skeleton (D:4)
  4 orc zombies
  8 rats
  A rat zombie (D:4)
200 creatures vanquished.

Notes
Turn   | Place    | Note
-------+----------+-------------------------------------------
     0 | D:1      | miragecloak the Octopode Transmuter began the quest for the Orb.
     0 | D:1      | Reached XP level 1. HP: 13/13 MP: 3/3
   274 | D:1      | Reached XP level 2. HP: 13/18 MP: 3/5
  1108 | D:2      | Reached XP level 3. HP: 16/23 MP: 4/6
  1128 | D:2      | Learned a level 3 spell: Spider Form
  1752 | D:2      | Found a shadowy altar of Dithmenos.
  1765 | D:2      | Reached skill level 1 in Poison Magic
  1765 | D:2      | Reached XP level 4. HP: 25/28 MP: 1/7
  2168 | D:2      | Found a burning altar of Makhleb.
  2173 | D:2      | Reached XP level 5. HP: 33/33 MP: 4/8
  2356 | D:2      | Found a hazy altar of Hepliaklqana.
  2855 | D:3      | Reached skill level 4 in Unarmed Combat
  3081 | D:3      | Reached XP level 6. HP: 38/38 MP: 5/9
  3233 | D:3      | Found a shimmering altar of Xom.
  3242 | D:3      | Reached skill level 5 in Unarmed Combat
  3608 | D:4      | Noticed a phantom
  4083 | D:4      | Found a glowing golden altar of the Shining One.
  4131 | D:4      | Found a sand-covered staircase.
  4131 | D:4      | Noticed Natasha
  4136 | D:4      | Killed Natasha
  4191 | Ossuary  | Entered an ossuary
  4220 | Ossuary  | Reached XP level 7. HP: 45/45 MP: 8/10
  4274 | Ossuary  | Reached skill level 6 in Unarmed Combat
  4943 | D:4      | Noticed Natasha
  4952 | D:4      | Killed Natasha
  5058 | D:4      | Reached skill level 7 in Unarmed Combat
  5193 | D:4      | Noticed Natasha
  5199 | D:4      | Killed Natasha
  5330 | D:4      | Gained mutation: You are weak. (Str -2) [mutagenic meat]
  5474 | D:5      | Entered Level 5 of the Dungeon
  5474 | D:5      | Noticed Gandalfino's ghost (novice DsFE)
  5584 | D:5      | Reached XP level 8. HP: 44/50 MP: 7/11
  5678 | D:5      | Reached skill level 8 in Unarmed Combat
  6500 | D:5      | Reached skill level 9 in Unarmed Combat
  7172 | D:6      | Noticed Pikel
  7191 | D:6      | Killed Pikel
  7191 | D:6      | Reached skill level 10 in Unarmed Combat
  7191 | D:6      | Reached XP level 9. HP: 15/54 MP: 10/12
  7577 | D:6      | Noticed Menkaure
  7581 | D:6      | Killed Menkaure
  7864 | D:6      | Found an ancient bone altar of Kikubaaqudgha.
  7865 | D:6      | Found a white marble altar of Elyvilon.
  7942 | D:7      | Reached skill level 11 in Unarmed Combat
  8317 | D:5      | Found a staircase to the Ecumenical Temple.
  8708 | Temple   | Entered the Ecumenical Temple
  8712 | Temple   | Became a worshipper of Ashenzari the Shackled
  8821 | D:7      | Found a sacrificial altar of Ru.
 10029 | D:8      | Reached skill level 5 in Dodging
 10278 | D:8      | Noticed a two-headed ogre
 10290 | D:8      | Killed a two-headed ogre
 10290 | D:8      | Reached XP level 10. HP: 60/60 MP: 10/13
 10423 | D:8      | Reached skill level 12 in Unarmed Combat
 11195 | D:9      | Found an iron altar of Okawaru.
 11237 | D:9      | Slain by a freezing wraith

Skill      XL: |  1  2  3  4  5  6  7  8  9 10 |
---------------+-------------------------------+-----
Transmutations | 3 4 |  4.0
Poison Magic   | 1 3 |  3.3
Unarmed Combat | 4 5 7 10 11 12 | 12.0
Fighting       | 2 4 |  4.3
Dodging        | 5 6 |  6.4
Spellcasting   | |  2.0

Action                   |  1- 3 |  4- 6 |  7- 9 | 10-12 || total
-------------------------+-------+-------+-------+-------++-------
Melee: Unarmed           |    72 |   195 |   340 |    66 ||   673
       Constrict         |    14 |    13 |     5 |       ||    32
       Kick              |    10 |       |       |       ||    10
       Tentacles         |     4 |    11 |     3 |       ||    18
       Punch             |     2 |     1 |     1 |       ||     4
 Cast: Beastly Appendage |    11 |       |       |       ||    11
       Spider Form       |     3 |    33 |    54 |    11 ||   101
Invok: Curse Item        |       |       |     3 |       ||     3
Evoke: Wand              |       |       |       |     1 ||     1
  Use: Potion            |       |     1 |       |       ||     1
       Scroll            |       |       |     2 |       ||     2
  Eat: Chunk             |     3 |    30 |    23 |     8 ||    64
       Fruit             |       |     2 |       |       ||     2
Armor: Skin              |     3 |     6 |    10 |       ||    19
Dodge: Dodged            |    75 |   174 |   292 |    56 ||   597
